 Dungeon Crawl Stone Soup version 0.31-a0-1611-g890cdf5628 (webtiles) character file.

Game seed: 8198606827070542889

50 jlumianski the Ruffian (level 3, 0/28 HPs)
             Began as a Gnoll Shapeshifter on Jan 9, 2024.
             Slain by an orc
             ... wielding a +0 flail
              (2 damage)
             ... in the Ecumenical Temple.
             The game lasted 00:04:48 (833 turns).

jlumianski the Ruffian (Gnoll Shapeshifter)          Turns: 833, Time: 00:04:49

Health: 0/28       AC:  2    Str: 13    XL:     3   Next: 79%
Magic:  4/4        EV: 13    Int:  9    God:
Gold:   6          SH:  0    Dex: 11    Spells: 4/4 levels left

rFire   . .          .
                       - Unarmed
rCold   . . .        (no shield)
rNeg    . . .        a - +0 animal skin
rPois   .            (helmet currently unavailable)
rElec   +            (cloak currently unavailable)
rCorr   .            (gloves currently unavailable)
SInv    .            (boots currently unavailable)
Will    .....        (no amulet)
Stlth   +            (no ring)
HPRegen 0.24/turn    (no ring)
MPRegen 0.09/turn

%: no passive effects
@: beast-form
A: beast (slay +3), fangs 1, strong nose, distributed training, hooves 1,
electricity resistance, weak 1
a: Begin Untransformation


You were in the Ecumenical Temple.
You were a hulking beast.
You visited 2 branches of the dungeon, and saw 5 of its levels.

You collected 6 gold pieces.

Inventory:

Missiles
 e - 5 poisoned darts (quivered)
Armour
 a - a +0 animal skin (worn)
Magical Staves
 h - a staff of conjuration
Talismans
 c - a beast talisman
 d - a flux talisman
Scrolls
 b - a scroll of silence {unknown}
 f - a scroll of amnesia {unknown}
 g - a scroll of identify {unknown}
 i - a scroll of revelation {unknown}
 k - a scroll of torment {unknown}
Potions
 j - a potion of resistance


   Skills:
 + Level 2.6 Fighting
 + Level 1.0 Short Blades
 + Level 1.0 Long Blades
 + Level 1.0 Axes
 + Level 1.0 Maces & Flails
 + Level 1.0 Polearms
 + Level 1.0 Staves
 + Level 1.0 Ranged Weapons
 + Level 1.0 Throwing
 + Level 1.0 Armour
 + Level 4.6 Dodging
 + Level 1.0 Stealth
 + Level 1.0 Shields
 + Level 6.5 Unarmed Combat
 + Level 1.0 Spellcasting
 + Level 0.7 Conjurations
 + Level 0.7 Hexes
 + Level 0.7 Summonings
 + Level 0.7 Necromancy
 + Level 0.7 Translocations
 + Level 0.7 Fire Magic
 + Level 0.7 Ice Magic
 + Level 0.7 Air Magic
 + Level 0.7 Earth Magic
 + Level 0.7 Alchemy
 + Level 1.0 Invocations
 + Level 1.0 Evocations
 + Level 6.5 Shapeshifting


You had 4 spell levels left.
You didn't know any spells.
Your spell library contained the following spells:

 Spells                   Type           Power      Damage    Failure   Level
 Freeze                   Ice            4%         1d3       28%         1
 Frozen Ramparts          Ice            2%         1d1       63%         3
 Hailstorm                Conj/Ice       1%         3d5       63%         3
 Haunt                    Necr/Summ      0%         N/A       100%        7
 Borgnjor's Revivificati  Necr           0%         N/A       100%        8
 Death's Door             Necr           0%         N/A       100%        9


Dungeon Overview and Level Annotations

Branches:
Dungeon (4/15)             Temple (1/1) D:4

Altars:
Fedhas
Hepliaklqana
Kikubaaqudgha
Makhleb
Qazlal
Uskayaw
Vehumet
The Shining One


Innate Abilities, Weirdness & Mutations

You are a hulking beast.
Your limbs bulge with bestial killing power. (Slay +3)
You have very sharp teeth.
Your uncanny sense of smell can sniff out nearby items.
Your experience applies equally to all skills.
You have large cloven feet.
You are resistant to electric shocks. (rElec)
You are weak. (Str -2)


Message History

The orc closely misses you. The jackal barely misses you.
The jackal misses you.
The kobold throws a stone.
The stone closely misses you. The jackal attacks as it pursues you!
The jackal bites you.
The jackal bites you but does no damage.
The jackal attacks as it pursues you! The jackal barely misses you. x3
The jackal attacks as it pursues you! The jackal closely misses you.
The jackal misses you. The orc attacks as it pursues you!
The orc hits you with a +0 flail. The jackal attacks as it pursues you!
The jackal misses you.
The jackal bites you but does no damage.
Found four altars.
The jackal barely misses you. The orc attacks as it pursues you!
The orc closely misses you. The jackal attacks as it pursues you!
The jackal closely misses you. The orc attacks as it pursues you!
The orc hits you with a +0 flail. The jackal attacks as it pursues you!
The jackal bites you. The jackal barely misses you.
The orc attacks as it pursues you! The orc closely misses you.
The jackal bites you.
* * * LOW HITPOINT WARNING * * *
Okay, then.
Okay, then.
You hit the jackal but do no damage. You kick the jackal.
The jackal is moderately wounded.
The jackal bites you.
* * * LOW HITPOINT WARNING * * *
The orc closely misses you.
The jackal bites you but does no damage.
The jackal bites you.
* * * LOW HITPOINT WARNING * * *
You punch the jackal!
You kill the jackal!
The orc misses you.
The jackal bites you but does no damage.
You closely miss the kobold. You punch the kobold.
You kill the kobold!
The jackal bites you.
* * * LOW HITPOINT WARNING * * *
The orc hits you with a +0 flail.
You die...

#.....#### #.._.....##
#.........####
#......⌠.....##
#.............####
#.._......._.....##
#.................####
#......⌠o......⌠.....##
#......h).............#
#.._....h.._.......<..#
#.....................#
#......⌠.......⌠.....##
#.................####
#.._......._.....##
#.............####
#......⌠.....##
#.........####


You could see an orc and a jackal.

Vanquished Creatures
  A gnoll (D:1)
  2 dart slugs (D:1)
  An orc (D:3)
  6 bats (D:1)
  An endoplasm (D:1)
  2 hobgoblins (D:1)
  2 jackals
  4 kobolds
  A quokka (D:2)
  6 ball pythons
  4 goblins
  6 rats (D:1)
36 creatures vanquished.

Notes
Turn   | Place    | Note
-------+----------+-------------------------------------------
     0 | D:1      | jlumianski the Gnoll Shapeshifter began the quest for the
                  | Orb.
     0 | D:1      | Reached XP level 1. HP: 17/17 MP: 1/1
   130 | D:1      | Reached XP level 2. HP: 23/23 MP: 2/2
   312 | D:2      | Reached XP level 3. HP: 28/28 MP: 3/3
   413 | D:1      | Reached skill level 1 in Invocations
   415 | D:1      | Gained mutation: You are weak. (Str -2) [potion of
                  | mutation]
   415 | D:1      | Gained mutation: You have large cloven feet. [potion of
                  | mutation]
   415 | D:1      | Gained mutation: You are resistant to electric shocks.
                  | (rElec) [potion of mutation]
   417 | D:1      | HP: 2/42 [poisoned by a gnoll]
   760 | D:3      | Reached skill level 1 in Short Blades
   760 | D:3      | Reached skill level 1 in Long Blades
   760 | D:3      | Reached skill level 1 in Axes
   760 | D:3      | Reached skill level 1 in Maces & Flails
   760 | D:3      | Reached skill level 1 in Polearms
   760 | D:3      | Reached skill level 1 in Staves
   760 | D:3      | Reached skill level 1 in Ranged Weapons
   760 | D:3      | Reached skill level 1 in Throwing
   760 | D:3      | Reached skill level 1 in Armour
   760 | D:3      | Reached skill level 1 in Stealth
   760 | D:3      | Reached skill level 1 in Shields
   760 | D:3      | Reached skill level 1 in Spellcasting
   760 | D:3      | Reached skill level 1 in Evocations
   803 | D:4      | Found a staircase to the Ecumenical Temple.
   818 | Temple   | Entered the Ecumenical Temple
   833 | Temple   | Slain by an orc

Illustrated notes

Levels and vault maps discovered:
D:1:      dpeg_arrival_castle, layout_rooms
D:2:      layout_basic, serial_shops, shop
D:3:      layout_basic, hellmonk_ecumenical_altar_prayer_group
D:4:      layout_loops_ring, xom_butterflies, minmay_temple_entry_waves,
          guppyfry_early_orc_mine
Temple:   nicolae_temple_ecumenical_triangle

Skill      XL: |  1  2  3 |
---------------+----------+-----
Invocations    | 1 |  1.0
Short Blades   | 1 |  1.0
Long Blades    | 1 |  1.0
Axes           | 1 |  1.0
Maces & Flails | 1 |  1.0
Polearms       | 1 |  1.0
Staves         | 1 |  1.0
Ranged Weapons | 1 |  1.0
Throwing       | 1 |  1.0
Armour         | 1 |  1.0
Stealth        | 1 |  1.0
Shields        | 1 |  1.0
Spellcasting   | 1 |  1.0
Evocations     | 1 |  1.0
Fighting       | |  2.6
Dodging        | |  4.6
Unarmed Combat | |  6.5
Conjurations   | |  0.7
Hexes          | |  0.7
Summonings     | |  0.7
Necromancy     | |  0.7
Translocations | |  0.7
Fire Magic     | |  0.7
Ice Magic      | |  0.7
Air Magic      | |  0.7
Earth Magic    | |  0.7
Alchemy        | |  0.7
Shapeshifting  | |  6.5

Action                     || total
---------------------------++-------
  Melee: Unarmed           ||    70
         Bite              ||     2
         Kick              ||     4
         Punch             ||     1
    Use: Potion            ||     4
   Stab: Sleeping          ||     2
 Armour: Animal skin       ||    54
  Dodge: Dodged            ||    97

Table legend: (Time is in decaauts)
 A = Elapsed time spent in this place.
 B = Non-inter-level travel time spent in this place.
 C = Inter-level travel time spent in this place.
 D = Time resting spent in this place.
 E = Time spent auto-exploring this place.
 F = Levels seen in this place.
 G = Mean time per level.
                   A        B        C        D        E       F      G
               +--------+--------+--------+--------+--------+-----+--------+
         Total |    828 |    812 |     16 |    114 |    249 |   5 |  165.6 |
       Dungeon |    814 |    798 |     16 |    114 |    249 |   4 |  203.5 |
        Temple |     14 |     14 |      0 |      0 |      0 |   1 |   14.0 |
               +--------+--------+--------+--------+--------+-----+--------+

Top non-repeatable levels by time:
     D:1: 688 daAuts
     D:2: 52 daAuts
     D:4: 44 daAuts
     D:3: 28 daAuts
  Temple: 14 daAuts
